 Dungeon Crawl Stone Soup version 0.31.0-11-ge490571c62 (webtiles) character file.

Game seed: 9324619987568039595

38778 Aneyh the Slayer (level 14, 0/100 HPs)
             Began as a Tengu Monk on Feb 9, 2024.
             Was a High Priest of Hepliaklqana.
             Slain by an eight-headed hydra (11 damage)
             ... on level 14 of the Dungeon.
             The game lasted 00:51:12 (16363 turns).

Aneyh the Slayer (Tengu Monk)                      Turns: 16363, Time: 00:51:13

Health: 0/100      AC:  8    Str: 12    XL:     14   Next: 3%
Magic:  15/15      EV: 18    Int: 17    God:    Hepliaklqana [*****.]
Gold:   2517       SH:  0    Dex: 26    Spells: 10/13 levels left

rFire   + + +        b - +7 demon blade of the Puffball {pain, rElec Stlth+}
rCold   + . .        (no shield)
rNeg    . . .        e - +4 ring mail "Umihueth" {rF+ Regen+ rCorr Int-4}
rPois   .            O - +2 hat
rElec   +            S - scarf "Etoe" {rC+ rF+, rElec SInv}
rCorr   +            (no gloves)
SInv    +            (boots unavailable)
Will    +....        r - amulet of regeneration
Stlth   ++           x - +6 ring of intelligence
HPRegen 1.96/turn    l - ring "Wettocay" {Fly rF+ Int+3 Dex+6}
MPRegen 0.14/turn

%: acrobat
@: flying
A: reduced essence, beak, talons 3, evasive flight, acrobatic, deformed body, no
potion heal 1
a: Renounce Religion, Recall Ancestor, Ancestor Identity, Transference, Idealise


You were on level 14 of the Dungeon.
You worshipped Hepliaklqana.
Hepliaklqana was extremely pleased with you.
You visited 3 branches of the dungeon, and saw 19 of its levels.
You also visited: Sewer and Bailey.

You collected 2790 gold pieces.
You spent 273 gold pieces at shops.

Inventory:

Hand Weapons
 a - a +0 arbalest
 b - the +7 demon blade of the Puffball (weapon) {pain, rElec Stlth+}
   (You acquired it on level 9 of the Dungeon)

   rElec:     It insulates you from electricity.
   Stlth+:    It makes you more stealthy.
 m - a +1 trident
 n - a +3 scimitar
 o - the +6 sling of the Ass {drain, *Slow rPois Str+6}
   (You found it in a bailey)

   Str+6:     It affects your strength (+6).
   rPois:     It protects you from poison *Slow: It may slow you when you take
   damage.
 q - a +0 great sword
 v - a +0 glaive
 z - a +4 heavy spear
 B - the +8 whip "Snakebite" {venom, curare, rPois}
   (You found it on level 2 of the Lair of Beasts)

   rPois:     It protects you from poison
 N - a +0 halberd
 W - a +3 flail of freezing
Armour
 e - the +4 ring mail "Umihueth" (worn) {rF+ Regen+ rCorr Int-4}
   (You acquired it on level 6 of the Dungeon)

   Int-4:     It affects your intelligence (-4).
   rF+:       It protects you from fire.
   Regen+:    It increases your rate of health regeneration.
   rCorr:     It protects you from acid and corrosion.
 O - a +2 hat (worn)
 S - the scarf "Etoe" (worn) {rC+ rF+, rElec SInv}
   (You acquired it on level 9 of the Dungeon)

   rElec:     It insulates you from electricity.
   SInv:      It lets you see invisible.
Jewellery
 h - a ring of resist corrosion
 j - a ring of protection from cold
 l - the ring "Wettocay" (right hand) {Fly rF+ Int+3 Dex+6}
   (You acquired it on level 9 of the Dungeon)

   [ring of dexterity]

   Int+3:     It affects your intelligence (+3).
   Dex+6:     It affects your dexterity (+6).
   rF+:       It protects you from fire.
   Fly:       It grants you flight.
 r - an amulet of regeneration (around neck)
 u - a ring of protection from fire
 x - a +6 ring of intelligence (left hand)
 H - an amulet of reflection
 P - a ring of wizardry
 X - a +6 ring of intelligence
Wands
 C - a wand of digging (3)
 D - a wand of charming (5)
 R - a wand of flame (37)
 T - a wand of quicksilver (20)
 U - a wand of mindburst (5)
Scrolls
 c - a scroll of vulnerability {unknown}
 f - 3 scrolls of enchant weapon
 g - a scroll of amnesia
 k - 4 scrolls of identify
 s - 3 scrolls of revelation
 t - 2 scrolls of immolation
 y - 2 scrolls of fog
 G - a scroll of silence
 J - 5 scrolls of fear
 Q - a scroll of brand weapon {unknown}
 Y - 2 scrolls of torment
Potions
 i - a potion of enlightenment
 p - 3 potions of cancellation
 w - 2 potions of magic
 A - 3 potions of might
 E - a potion of berserk rage
 F - a potion of invisibility {unknown}
 I - 3 potions of curing
 K - a potion of haste
 L - 7 potions of heal wounds
 M - 2 potions of resistance
 V - 2 potions of brilliance
 Z - a potion of lignification {unknown}


   Skills:
 + Level 22.4 Fighting
 - Level 5.0 Long Blades
 + Level 5.7 Dodging


You had 10 spell levels left.
You knew the following spells:

 Your Spells              Type           Power      Damage    Failure   Level
a - Summon Ice Beast      Ice/Summ       0%         N/A       85%         3

Your spell library contained the following spells:

 Spells                   Type           Power      Damage    Failure   Level
 Foxfire                  Conj/Fire      0%         2x1d4     47%         1
 Shock                    Conj/Air       0%         1d3       47%         1
 Sting                    Conj/Alch      0%         1d3       47%         1
 Mercury Vapours          Alch/Air       0%         N/A       63%         2
 Inner Flame              Hex/Fire       0%         N/A       85%         3
 Swiftness                Air            0%         N/A       85%         3
 Airstrike                Air            0%         2d(0-16)  99%         4
 Animate Dead             Necr           0%         N/A       99%         4
 Flame Wave               Conj/Fire      0%         2d4       99%         4
 Ignite Poison            Fire/Alch      0%         N/A       99%         4
 Olgreb's Toxic Radiance  Alch           0%         N/A       99%         4
 Sticky Flame             Fire/Alch      0%         2d4       99%         4
 Summon Mana Viper        Hex/Summ       0%         N/A       100%        5
 Haunt                    Necr/Summ      0%         N/A       100%        7
 Monstrous Menagerie      Summ           0%         N/A       100%        7
 Ignition                 Fire           0%         3d3       100%        8
 Infestation              Necr           0%         N/A       100%        8


Dungeon Overview and Level Annotations

Branches:
Dungeon (15/15)            Temple (1/1) D:6            Lair (4/5) D:10
  Snake (0/4) Lair:2          Orc (0/2) D:10         Vaults (0/5) D:14
  Sewer (visited)          Bailey (visited)
  Swamp: Lair:2-3    Shoals: Lair:2-3     Slime: Lair:4-5    Depths: D:15

Altars:
Ashenzari
Cheibriados
Dithmenos
Elyvilon
Fedhas
Gozag
Hepliaklqana
Kikubaaqudgha
Makhleb
Nemelex Xobeh
Okawaru
Qazlal
Ru
Sif Muna
Trog
Uskayaw
Vehumet
Wu Jian
Xom
Yredelemnul
Zin
The Shining One

Shops:
D:7 *   D:8 *   D:9 ?

Annotations:
D:7 3 runed translucent doors, ezpacito's ghost, novice DsBe
D:14 Nessos
Lair:1 2 transporters, OlivierBoivin's ghost, journeyman DrFE
Lair:3 3 runed translucent doors, Kubamp's ghost, journeyman DEAE


Innate Abilities, Weirdness & Mutations

Your life essence is reduced to manifest your ancestor. (-10% HP)
You have a beak for a mouth.
You have claws for feet.
Your magical flight helps you evade attacks. (EV +4)
You can magically evade attacks while moving or waiting.
Armour fits poorly on your strangely shaped body.
Potions are less effective at restoring your health.


Message History

You start resting.
Magic restored.
There is a stone staircase leading up here.
You fly upwards.
Level annotation: Nessos
There is a stone staircase leading down here.
You slice one of the seven-headed hydra's heads off!
The six-headed hydra grows two more!
You slice the eight-headed hydra!!
Your punch misses the eight-headed hydra.
The eight-headed hydra is heavily wounded.
The eight-headed hydra bites you! x2; The eight-headed hydra misses you. x2
The eight-headed hydra completely misses you.
The eight-headed hydra bites you!
The eight-headed hydra bites you but does no damage.
The eight-headed hydra misses you.
Libusa hits the eight-headed hydra with a +0 flail.
You completely miss the eight-headed hydra.
You claw the eight-headed hydra.
The eight-headed hydra is heavily wounded.
The eight-headed hydra misses you. The eight-headed hydra bites you. x2
The eight-headed hydra bites you! x2; The eight-headed hydra misses you. x2
The eight-headed hydra bites you!
The eight-headed hydra bites you but does no damage.
The eight-headed hydra bites you! The eight-headed hydra bites you.
* * * LOW HITPOINT WARNING * * *
The eight-headed hydra completely misses you.
The eight-headed hydra bites you.
* * * LOW HITPOINT WARNING * * *
The eight-headed hydra barely misses you.
The eight-headed hydra misses you.
The eight-headed hydra closely misses you.
Libusa hits the eight-headed hydra with a +0 flail!
You barely miss the eight-headed hydra.
You claw the eight-headed hydra, but do no damage.
The eight-headed hydra is severely wounded.
The eight-headed hydra bites you!
* * * LOW HITPOINT WARNING * * *
The eight-headed hydra bites you but does no damage.
The eight-headed hydra bites you!
You die...

### ##### ####.# #..)#
#....#
#.#.#######.##'####
#######>....#....D.......
#.......@##.#.####.......
#.......RD#......+.......
#.......#.....####.......
#.......####.... +.......
#.......# ##.####.......
#.......# #.# #.......
#........# #+# #.......
#.......... ....[...
#.......#... ........


You could see the friendly Libusa the knight and an eight-headed hydra (ally
target).

Vanquished Creatures
  A centaur warrior (D:14)
  2 boulder beetles
  4 two-headed ogres
  2 death yaks (Lair:1)
  Amaemon (D:10)
  A goliath frog (Lair:3)
  An orc knight (Bailey)
  2 cyclopes (D:9)
  A deep elf pyromancer (D:14)
  An orc sorcerer (Bailey)
  2 oklob plants (Lair:3)
  An elephant (D:9)
  A manticore (D:11)
  Joseph (D:8)
  3 black mambas (Lair:2)
  7 cane toads
  2 rime drakes (Lair:3)
  An efreet (D:15)
  A kobold demonologist (Bailey)
  An unseen horror (D:7)
  A komodo dragon (Lair:1)
  2 dream sheep (Lair:3)
  5 blink frogs (Lair:2)
  3 wyverns
  32 yaks
  3 wraiths
  4 basilisks
  A human (D:14)
  A steam dragon (D:5)
  4 vampire mosquitoes
  19 water moccasins
  2 acid dragons
  13 orc warriors
  A meliai simulacrum (D:14)
  2 black bears
  An ice beast (D:5)
  14 wolves
  2 ogres (D:5)
  3 centaurs
  18 kobold brigands (D:10)
  9 bullfrogs
  6 scorpions
  8 wights
  8 killer bees (D:9)
  6 electric eels (Bailey)
  4 hounds
  5 jellies
  5 orc priests
  A sleepcap (D:4)
  2 iguanas (D:6)
  8 orc wizards
  18 adders
  7 gnolls
  A river rat (Sewer)
  3 white imps
  2 ufetubi (D:6)
  2 ribbon worms
  3 dart slugs
  22 orcs
  9 ball pythons
  11 endoplasms
  5 giant cockroaches
  18 goblins
  13 hobgoblins
  3 jackals (D:2)
  6 quokkas
  5 bats
  7 frilled lizards
  12 kobolds
  8 rats
384 creatures vanquished.

Vanquished Creatures (collateral kills)
  Josephine (Lair:3)
  A death yak (Lair:1)
  An oklob plant (Lair:2)
  A black mamba (Lair:2)
  3 cane toads
  An orange demon (D:10)
  A kobold demonologist (D:10)
  A komodo dragon (Lair:2)
  A troll (D:12)
  A blink frog (Lair:4)
  2 dream sheep (Lair:3)
  2 wraiths
  7 yaks
  Grum (Lair:1)
  2 water moccasins
  A swamp drake (Lair:3)
  6 wolves
  4 kobold brigands (D:10)
  A lava snake (D:11)
  An adder (Lair:2)
39 creatures vanquished.

Vanquished Creatures (others)
  A wight (D:9)
  6 knights
  An orc wizard (D:7)
8 creatures vanquished.

Grand Total: 431 creatures vanquished

Notes
Turn   | Place    | Note
-------+----------+-------------------------------------------
     0 | D:1      | Aneyh the Tengu Monk began the quest for the Orb.
     0 | D:1      | Reached XP level 1. HP: 14/14 MP: 2/2
   178 | D:1      | Reached XP level 2. HP: 16/19 MP: 3/3
   536 | D:2      | Reached XP level 3. HP: 23/23 MP: 4/4
   640 | D:2      | Reached skill level 5 in Long Blades
   927 | D:2      | Reached XP level 4. HP: 28/28 MP: 5/5
  1557 | D:3      | Found a faded altar of an unknown god.
  2259 | D:3      | Reached skill level 4 in Fighting
  2292 | D:3      | Reached XP level 5. HP: 34/34 MP: 6/6
  2492 | D:4      | Found a shimmering altar of Xom.
  2548 | D:4      | Reached skill level 5 in Fighting
  2722 | D:4      | Reached XP level 6. HP: 40/40 MP: 7/7
  2843 | D:4      | Reached skill level 6 in Fighting
  3109 | D:5      | Entered Level 5 of the Dungeon
  3191 | D:5      | Gained mutation: Your magical flight helps you evade
                  | attacks. (EV +4) [Tengu growth]
  3191 | D:5      | Reached XP level 7. HP: 37/47 MP: 8/8
  3248 | D:5      | Reached skill level 7 in Fighting
  3347 | D:5      | Reached skill level 8 in Fighting
  3386 | D:5      | Noticed a +0 short sword
  3386 | D:5      | Noticed a +0 spear
  3387 | D:5      | Noticed a +0 short sword
  3388 | D:5      | Noticed a +0 dagger
  3388 | D:5      | Noticed a +0 falchion
  3389 | D:5      | Noticed a +0 spear
  3389 | D:5      | Noticed a +0 dagger
  3401 | D:5      | Found a hide-covered altar of Uskayaw.
  3402 | D:5      | Noticed a +0 falchion
  3433 | D:5      | Found a stormy altar of Qazlal.
  3459 | D:5      | Noticed a steam dragon
  3500 | D:6      | Found an ancient bone altar of Kikubaaqudgha.
  3543 | D:6      | Found a glowing drain.
  3572 | Sewer    | Entered a sewer
  3673 | Sewer    | Reached XP level 8. HP: 55/55 MP: 9/9
  3759 | Sewer    | Reached skill level 9 in Fighting
  3772 | Sewer    | Found a viscous altar of Jiyva.
  4001 | D:6      | Found a staircase to the Ecumenical Temple.
  4023 | Temple   | Entered the Ecumenical Temple
  4115 | D:6      | Found a shimmering blue altar of Sif Muna.
  4129 | D:6      | Got Sif Muna's Volume of Conjuration
  4157 | D:6      | Identified 3 scrolls of acquirement
  4157 | D:6      | Acquired the +4 ring mail "Umihueth" {rF+ Regen+ rCorr
                  | Int-4}
  4515 | D:6      | Found a bloodstained altar of Trog.
  4521 | D:6      | Acquired 878 gold pieces
  4522 | D:6      | Acquired 844 gold pieces
  4901 | D:6      | Reached skill level 10 in Fighting
  5331 | D:7      | Found a shadowy altar of Dithmenos.
  5445 | D:7      | Reached skill level 11 in Fighting
  5445 | D:7      | Reached XP level 9. HP: 64/64 MP: 10/10
  5490 | D:7      | Found a runed translucent gate.
  5491 | D:7      | Found a runed translucent gate.
  5491 | D:7      | Noticed ezpacito's ghost (novice DsBe)
  5492 | D:7      | Found a runed translucent gate.
  5492 | D:7      | Noticed a kobold demonologist
  5861 | D:7      | Found Fitsuv's Serpentskin Sales.
  6098 | D:7      | Reached skill level 12 in Fighting
  6173 | D:7      | Noticed an unseen horror
  6177 | D:7      | Killed an unseen horror
  6434 | D:8      | Found Isutu's Assorted Antiques.
  6499 | D:8      | Noticed a cyclops
  6509 | D:9      | Noticed a two-headed ogre
  6517 | D:9      | Killed a cyclops
  6518 | D:9      | Reached skill level 13 in Fighting
  6522 | D:9      | Killed a two-headed ogre
  6523 | D:9      | Reached XP level 10. HP: 24/74 MP: 11/11
  6717 | D:9      | Noticed a rakshasa
  6810 | D:8      | Reached skill level 14 in Fighting
  6876 | D:8      | Noticed Joseph
  6897 | D:8      | Killed Joseph
  6956 | D:8      | Found a blossoming altar of Fedhas.
  7041 | D:8      | Found a broken altar of Ashenzari.
  7391 | D:8      | Gained mutation: You occasionally lose the ability to read
                  | scrolls when taking damage. [potion of mutation]
  7693 | D:9      | Found a white marble altar of Elyvilon.
  7850 | D:9      | Found Ycsywkal's Magic Scroll Shop.
  7858 | D:9      | Bought 2 scrolls of teleportation for 78 gold pieces
  7858 | D:9      | Bought a scroll of identify for 26 gold pieces
  7858 | D:9      | Bought a scroll of identify for 26 gold pieces
  7858 | D:9      | Bought a scroll of fear for 52 gold pieces
  7858 | D:9      | Bought a scroll of identify for 26 gold pieces
  7858 | D:9      | Bought a scroll of teleportation for 39 gold pieces
  7858 | D:9      | Bought a scroll of identify for 26 gold pieces
  7896 | D:9      | Noticed a cyclops
  7924 | D:10     | Entered Level 10 of the Dungeon
  7966 | D:9      | Killed a cyclops
  7967 | D:9      | Reached skill level 15 in Fighting
  8006 | D:10     | Found a staircase to the Lair.
  8006 | D:10     | Noticed an elephant
  8065 | D:9      | Killed an elephant
  8216 | D:10     | Found a staircase to the Orcish Mines.
  8379 | D:10     | Found a flagged portal.
  8430 | D:10     | Noticed an orange demon
  8430 | D:10     | Noticed Amaemon
  8475 | Bailey   | Entered a bailey
  8573 | Bailey   | Reached XP level 11. HP: 83/83 MP: 12/12
  8590 | Bailey   | Noticed an orc knight
  8635 | Bailey   | Reached skill level 16 in Fighting
  8676 | Bailey   | Killed an orc knight
  8736 | Bailey   | Noticed an orc sorcerer
  8749 | Bailey   | Noticed a soul eater
  8764 | Bailey   | Noticed a sun demon
  8793 | Bailey   | Killed an orc sorcerer
  9010 | Bailey   | Found an iron altar of Okawaru.
  9068 | Bailey   | Identified the +6 sling of the Ass {drain, *Slow rPois
                  | Str+6}
  9224 | D:10     | Noticed a two-headed ogre
  9224 | D:10     | Noticed a two-headed ogre
  9237 | D:10     | Killed a two-headed ogre
  9241 | D:10     | Killed a two-headed ogre
  9242 | D:10     | Reached skill level 17 in Fighting
  9250 | D:10     | Found a sacrificial altar of Ru.
  9378 | D:9      | Found a glowing silver altar of Zin.
  9378 | D:9      | Found a radiant altar of Vehumet.
  9394 | D:9      | Noticed a two-headed ogre
  9398 | D:9      | Killed a two-headed ogre
  9400 | D:9      | Acquired the scarf "Etoe" {rC+ rF+, rElec SInv}
  9416 | D:9      | Acquired the ring "Wettocay" {Fly rF+ Int+3 Dex+6}
  9424 | D:9      | Acquired the +7 demon blade of the Puffball {pain, rElec
                  | Stlth+}
  9555 | D:9      | Found a sparkling altar of Nemelex Xobeh.
 10374 | D:9      | Found a hazy altar of Hepliaklqana.
 10378 | D:9      | Became a worshipper of Hepliaklqana the Forgotten
 10378 | D:9      | Reached * piety under Hepliaklqana
 10378 | D:9      | Reached ** piety under Hepliaklqana
 10379 | D:9      | Remembered your ancestor Libusa as a knight
 10637 | D:10     | Killed Amaemon
 10852 | D:10     | Reached skill level 18 in Fighting
 10889 | D:10     | Reached XP level 12. HP: 81/82 MP: 13/13
 11405 | D:10     | Found an ornate altar of the Wu Jian Council.
 11498 | Lair:1   | Entered Level 1 of the Lair of Beasts
 11498 | Lair:1   | Noticed a boulder beetle
 11502 | Lair:1   | Noticed Grum
 11561 | Lair:1   | Killed Grum
 11569 | Lair:1   | Killed a boulder beetle
 11570 | Lair:1   | Reached skill level 19 in Fighting
 11794 | Lair:1   | Noticed OlivierBoivin's ghost (journeyman DrFE)
 11858 | Lair:1   | Found a transporter.
 11859 | Lair:1   | Found a bloodstained altar of Trog.
 11866 | Lair:1   | Found a transporter.
 12376 | Lair:2   | Found a stormy altar of Qazlal.
 12540 | Lair:2   | Reached *** piety under Hepliaklqana
 12552 | Lair:2   | Noticed a death yak
 12553 | Lair:2   | Noticed a death yak
 12582 | Lair:2   | Noticed a death yak
 12583 | Lair:2   | Noticed an eight-headed hydra
 12590 | Lair:1   | Killed a death yak
 12591 | Lair:1   | Reached skill level 20 in Fighting
 12785 | Lair:1   | Killed a death yak
 12796 | Lair:1   | Killed a death yak
 13009 | Lair:2   | Found a staircase to the Snake Pit.
 13015 | Lair:2   | Reached XP level 13. HP: 91/91 MP: 14/14
 13260 | Lair:2   | Reached skill level 21 in Fighting
 13391 | Lair:2   | Found the +8 whip "Snakebite" {venom, curare, rPois}
 14117 | Lair:3   | Reached **** piety under Hepliaklqana
 14442 | Lair:3   | Lost mutation: You occasionally lose the ability to read
                  | scrolls when taking damage. [potion of mutation]
 14442 | Lair:3   | Gained mutation: You have hidden genetic defects. [potion
                  | of mutation]
 14442 | Lair:3   | Gained mutation: Armour fits poorly on your strangely
                  | shaped body. [potion of mutation]
 14442 | Lair:3   | Gained mutation: Potions are less effective at restoring
                  | your health. [potion of mutation]
 14442 | Lair:3   | Gained mutation: You are resistant to electric shocks.
                  | (rElec) [potion of mutation]
 14443 | Lair:3   | Lost mutation: You have hidden genetic defects. [potion of
                  | mutation]
 14443 | Lair:3   | Lost mutation: You are resistant to electric shocks.
                  | (rElec) [potion of mutation]
 14524 | Lair:3   | Noticed Josephine
 14632 | Lair:3   | Killed Josephine
 14659 | Lair:3   | Found a runed translucent gate.
 14659 | Lair:3   | Found a runed translucent gate.
 14659 | Lair:3   | Found a runed translucent gate.
 14661 | Lair:3   | Noticed Kubamp's ghost (journeyman DEAE)
 15138 | Lair:3   | Reached skill level 22 in Fighting
 15369 | D:11     | Reached skill level 5 in Dodging
 15491 | D:11     | Learned a level 3 spell: Summon Ice Beast
 16072 | D:12     | Reached ***** piety under Hepliaklqana
 16173 | D:12     | You are sucked into a shaft and drop 2 floors!
 16247 | D:14     | Found a gate to the Vaults.
 16247 | D:14     | Noticed Nessos
 16289 | D:14     | Reached XP level 14. HP: 98/100 MP: 15/15
 16339 | D:15     | Entered Level 15 of the Dungeon
 16363 | D:14     | Slain by an eight-headed hydra

Illustrated notes

Levels and vault maps discovered:
D:1:      psy_arrival_conway, layout_basic
D:2:      layout_loops_corners
D:3:      layout_basic, shapermc_ecumenical_altar_ellora
D:4:      layout_cave_pools, mainiacjoe_overflow_cross_hatched
D:5:      black_bear_nest_2, layout_cave_pools, nicolae_uskayaw_en_pointe,
          grunt_qazlal_clouds
D:6:      layout_basic, nzn_overflow_gifts_of_might_and_magic,
          kennysheep_mini_moat, minmay_temple_entry_junction,
          mainiacjoe_sewer_entry_somewhere_in_here_1
D:7:      minmay_clustersquares, layout_basic, lemuel_tele_altar,
          gammafunk_ghost_nasty_kobolds, guppyfry_shop_venom
D:8:      layout_loops_ring, evilmike_ruin_ashenzari, old_standard_altar,
          serial_shops, nicolae_square_shop, minmay_misc_feat_rugged,
          uniq_joseph
D:9:      layout_irregular_city, nicolae_overflow_hidden_temple,
          nemelex_spade_bored_becter, mainiacjoe_overflow_boulevard,
          nicolae_hepliaklqana_hippocampus, serial_shops,
          nicolae_shop_window_shopping, hangedman_decor_points
D:10:     layout_roguey [special_room_kobold], nicolae_wu_jian_glorious_leap,
          nicolae_ru_sacrificial_ziggurat, david_lair_generic, david_orc_2,
          enter_bailey_3, serial_corexii_hall, chequers_hall_statues_corner_a,
          corexii_hall_statues_i, corexii_hall_statues_l,
          chequers_hall_statues_y, corexii_hall_statues_u,
          corexii_hall_statues_s, corexii_checkpoint, uniq_amaemon
D:11:     layout_cave_pools, grunt_decor_junction
D:12:     layout_stronghold, nicolae_figureground_pulse
D:14:     layout_basic, david_vaults_3, minivault_26
D:15:     hellmonk_depths_entry_around_the_bend, layout_irregular_city,
          roderic_roman_lattice, chequers_serial_rivers_small_a, uniq_louise
Temple:   hellmonk_temple_rainy
Lair:1:   layout_regular_city, gammafunk_ghost_wrathful_warriors,
          infiniplex_staircase_pool_2, uniq_grum
Lair:2:   minmay_guarded_unrand_snakebite, layout_regular_city,
          minmay_snake_entry_six_corridors, chequers_serial_rivers_large_a,
          lemuel_oklob_altar
Lair:3:   layout_regular_city, mainiacjoe_swamp_entry_lozenge_pond,
          ebering_ghost_rock_garden, nicolae_lair_grove_arrangements,
          dpeg_oklob_1, uniq_josephine
Lair:4:   layout_regular_city, gammafunk_ghost_hive, uniq_kirke

Skill      XL: |  1  2  3  4  5  6  7  8  9 10 11 12 13 |
---------------+----------------------------------------+-----
Long Blades    | 4 5 |  5.0
Fighting       | 4 5 6 8 11 13 15 18 20 22 | 22.4
Dodging        | 5 |  5.7

Action                     |  1- 3 |  4- 6 |  7- 9 | 10-12 | 13-15 || total
---------------------------+-------+-------+-------+-------+-------++-------
  Melee: Falchion          |    29 |       |       |       |       ||    29
         Peck              |     6 |     8 |    68 |   128 |    40 ||   250
         Kick              |    16 |    13 |   114 |   214 |    61 ||   418
         Dagger            |    38 |    52 |   284 |   362 |       ||   736
         Punch             |       |       |     7 |     7 |     1 ||    15
         Scimitar          |       |       |       |    39 |       ||    39
         Demon blade       |       |       |       |   118 |   146 ||   264
         Trident           |       |       |       |       |    10 ||    10
         Arbalest          |       |       |       |       |     1 ||     1
   Fire: Longbow           |       |    99 |   131 |   239 |       ||   469
         Arbalest          |       |       |       |   101 |   144 ||   245
   Cast: Summon Ice Beast  |       |       |       |       |     1 ||     1
 Invoke: Ancestor Life: Kn |       |       |       |     1 |       ||     1
         Recall Ancestor   |       |       |       |     1 |     3 ||     4
    Use: Scroll            |       |       |     6 |    27 |     4 ||    37
         Potion            |       |       |     3 |     1 |     3 ||     7
   Stab: Sleeping          |     2 |     2 |       |       |     3 ||     7
         Distracted        |     1 |       |       |       |     2 ||     3
 Armour: Robe              |    12 |       |    71 |       |       ||    83
         Leather armour    |     6 |    66 |       |       |       ||    72
         Ring mail         |       |       |   160 |   535 |   149 ||   844
  Dodge: Dodged            |    48 |    61 |   264 |   714 |   227 ||  1314
